 Dungeon Sprint DCSS version 0.22-a0-877-g5c4e1af (webtiles) character file.

9 Brynnhild the Ruffian (level 2, -2/34 HPs)
             Began as a Centaur Transmuter on July 29, 2018.
             Slain by a centaur (6 damage)
             ... in the Dungeon (Sprint IX: "|||||||||||||||||||||||||||||").
             The game lasted 00:00:38 (173 turns).

Brynnhild the Ruffian (Centaur Transmuter)           Turns: 173, Time: 00:00:38

Health: -2/34      AC:  4    Str: 17    XL:     2   Next: 6%
Magic:  1/4        EV: 10    Int: 12    God:
Gold:   0          SH:  0    Dex:  9    Spells: 3/4 levels left

rFire    . . .     SeeInvis .     - Unarmed
rCold    . . .     Gourm    .   (no shield)
rNeg     . . .     Faith    .   b - +0 robe
rPois    .         Spirit   .   (no helmet)
rElec    .         Reflect  .   (no cloak)
rCorr    .         Harm     .   (no gloves)
MR       .....     NoTele   +   (no barding)
Stlth    ..........             (no amulet)
HPRegen  0.11/turn              (no ring)
MPRegen  0.09/turn              (no ring)

@: berserking, appendage (expiring), very slightly contaminated, very quick
A: large, hooves 3, horns 2, deformed body, speed 2, tough skin 3
a: End Transformation


You were in the Dungeon.
You were not hungry.
You had grown temporary horns.
You visited 1 branch

Inventory:

Missiles
 a - 12 arrows
Armour
 b - a +0 robe (worn)
Scrolls
 j - a scroll of blinking
Potions
 e - a potion of curing
 f - a potion of heal wounds
 g - a potion of haste
 h - 2 potions of magic
Comestibles
 d - a ration


   Skills:
 + Level 1.6 Fighting
 + Level 1.8 Dodging
 * Level 4.5 Unarmed Combat
 + Level 1.6 Spellcasting
 * Level 1.8 Transmutations


You had 3 spell levels left.
You knew the following spells:

 Your Spells              Type           Power        Failure   Level  Hunger
a - Beastly Appendage     Tmut           #.....       13%         1    ##.....

Your spell library contained the following spells:

 Spells                   Type           Power        Failure   Level  Hunger
 Spider Form              Tmut/Pois      #.........   50%         3    ####...
 Blade Hands              Tmut           #.........   98%         5    ######.
 Ice Form                 Ice/Tmut       #.......     88%         4    #####..
 Sticks to Snakes         Tmut           #.......     21%         2    ###....


Dungeon Overview and Level Annotations

Branches:
Dungeon (1/1)

Altars:


Innate Abilities, Weirdness & Mutations

You have hooves in place of feet.
Armour fits poorly on your strangely shaped body.
You cover ground very quickly.
You have extremely tough skin. (AC +3)
You have a pair of horns on your head.


Message History

A red film seems to cover your vision as you go berserk!
You feel yourself moving faster!
You feel mighty! The worm closely misses you.
You barely miss the worm. You punch the worm!
The worm is heavily wounded.
You barely miss the worm.
The worm is heavily wounded.
The worm barely misses you.
You punch the worm!
You kill the worm!
You have reached level 2!
Your transformation is almost over.
The centaur wields a glowing shortbow.
It bursts into flame!
The centaur shoots an arrow.
The arrow hits you.
* * * LOW HITPOINT WARNING * * *
The arrow burns you.
* * * LOW HITPOINT WARNING * * *
The centaur unwields an uncursed shortbow of flaming.
It stops flaming.
The centaur hits you.
You die...

▓+▓
▓.▓
▓O▓
▓Z▓
▓J▓
▓c▓
▓@▓
▓(▓
▓.▓
▓.▓
▓(▓
▓†▓
▓)▓
▓.▓
▓.▓


You could see an ogre, a centaur, a jelly and a leopard gecko zombie.

Vanquished Creatures
  A worm (D)
  A giant cockroach (D)
  2 hobgoblins (D)
  A kobold (D)
  A frilled lizard (D)
6 creatures vanquished.

Notes
Turn   | Place    | Note
-------+----------+-------------------------------------------
     0 | D        | Brynnhild the Centaur Transmuter began the quest for the Orb.
     0 | D        | Reached XP level 1. HP: 16/16 MP: 3/3
    19 | D        | Reached skill level 4 in Unarmed Combat
   165 | D        | Noticed an ogre
   165 | D        | Noticed a jelly
   165 | D        | Noticed a centaur
   172 | D        | Reached XP level 2. HP: 9/23 MP: 1/4
   173 | D        | Slain by a centaur

Vault maps used:
D:        linesprint

Skill      XL: |  1 |
---------------+----+-----
Unarmed Combat | 4 |  4.5
Fighting       | |  1.6
Dodging        | |  1.8
Spellcasting   | |  1.6
Transmutations | |  1.8

Action                   || total
-------------------------++-------
Melee: Unarmed           ||    19
       Kick              ||     3
 Cast: Beastly Appendage ||     2
  Use: Potion            ||     1
Armor: Robe              ||     3
Dodge: Dodged            ||     9

Table legend:
 A = Spawn XP
 B = Non-spawn XP
 C = Spawn XP percentage of total XP
 D = Spawn monster count
 E = Non-spawn monster count
 F = Spawn count percentage of total count
 G = Total turns spent on level
                    A         B        C        D         E        F      G
               +---------+---------+-------+---------+---------+-------+---------
         Total |       0 |      14 |   0.0 |       0 |       6 |   0.0 |   173
               +---------+---------+-------+---------+---------+-------+---------
             D |       0 |      14 |   0.0 |       0 |       6 |   0.0 |   173
               +---------+---------+-------+---------+---------+-------+---------
